 Dungeon Crawl Stone Soup version 0.28.0-53-g5a82cb258f (webtiles) character file.

Game seed: 8544951208052626684

52 issech the Chopper (level 3, -9/33 HPs)
             Began as a Minotaur Monk on June 13, 2022.
             Killed by divine providence
             ... invoked by an orc priest
              (17 damage)
             ... on level 3 of the Dungeon.
             The game lasted 00:04:05 (2566 turns).

issech the Chopper (Minotaur Monk)                  Turns: 2566, Time: 00:04:06

Health: -9/33      AC:  3    Str: 15    XL:     3   Next: 60%
Magic:  2/2        EV: 13    Int:  7    God:
Gold:   78         SH:  0    Dex: 14    Spells: 2/2 levels left

rFire   + . .      SeeInvis .   p - +1 whip (flame)
rCold   . . .      Faith    .   (no shield)
rNeg    . . .      Spirit   .   n - +0 leather armour
rPois   .          Reflect  .   (helmet restricted)
rElec   .          Harm     .   (no cloak)
rCorr   +          Rampage  .   (no gloves)
Will    .....                   (no boots)
Stlth   ++........              (no amulet)
HPRegen 0.11/turn               e - ring of resist corrosion
MPRegen 0.08/turn               s - ring of protection from fire

@: no status effects
A: horns 2, retaliatory headbutt
a: no special abilities


You were on level 3 of the Dungeon.
You visited 1 branch of the dungeon, and saw 3 of its levels.

You collected 78 gold pieces.

Inventory:

Hand Weapons
 a - a +0 hand axe
 p - a +1 whip of flaming (weapon)
Missiles
 f - 7 poisoned darts (quivered)
 g - 48 stones
 h - 36 sling bullets
Armour
 n - a +0 leather armour (worn)
Jewellery
 e - a ring of resist corrosion (left hand)
 j - a ring of magical power
 s - a ring of protection from fire (right hand)
 t - an amulet of regeneration
Scrolls
 d - 2 scrolls of immolation {unknown}
 l - a scroll of enchant armour {unknown}
 o - a scroll of summoning {unknown}
 r - 2 scrolls of enchant weapon {unknown}
Potions
 b - a potion of curing {unknown}
 c - a potion of might {unknown}
 i - a potion of brilliance {unknown}
 k - a potion of berserk rage {unknown}
 m - a potion of heal wounds {unknown}
 q - a potion of attraction {unknown}


   Skills:
 + Level 4.0 Fighting
 + Level 4.4 Axes
 + Level 0.4 Armour
 + Level 4.1 Dodging
 + Level 1.5 Stealth


You had 2 spell levels left.
You didn't know any spells.
Your spell library contained the following spells:

 Spells                   Type           Power      Damage    Failure   Level
 Ensorcelled Hibernation  Hex/Ice        0%         N/A       65%         2
 Ignite Poison            Fire/Tmut/Pois 0%         N/A       86%         3
 Mephitic Cloud           Conj/Pois/Air  0%         N/A       86%         3
 Spider Form              Tmut/Pois      0%         N/A       86%         3
 Anguish                  Hex/Necr       0%         N/A       99%         4
 Freezing Cloud           Conj/Ice/Air   0%         6-21      100%        5


Dungeon Overview and Level Annotations

Branches:
Dungeon (3/15)

Altars:
Kikubaaqudgha

Annotations:
D:3 Sigmund


Innate Abilities, Weirdness & Mutations

You have a pair of horns on your head.
You reflexively headbutt those who attack you in melee.


Message History

The frilled lizard bites you.
You hit the frilled lizard. You burn the frilled lizard.
You kill the frilled lizard!
You see here a frilled lizard corpse.
You see here a frilled lizard corpse.
d - 2 scrolls labelled GAMEOMI HOAMEH (gained 1)
You pick up a book of Dreams and begin reading...
You add the spells Ensorcelled Hibernation, Spider Form and Anguish to your library.
You now have 78 gold pieces (gained 10).
You see here a quokka corpse.
There is an open door here.
An endoplasm comes into view.
Found a thick sapphire amulet.
The endoplasm quivers.
The endoplasm moves out of view.
Found 9 gold pieces.
An orc comes into view. It is wielding a +0 dagger.
The orc shouts!
An orc priest comes into view. It is wielding a +0 club.
An orc comes into view. It is wielding a +0 club.
The orc shouts!
Sigmund the Dreaded comes into view.
He is wielding a +0 scythe.
The orc hits you but does no damage.
You see here an amulet of regeneration.
t - an amulet of regeneration The orc misses you.
The orc closely misses you.
The orc priest invokes the aid of Beogh against you.
Beogh smites you!
The orc priest looks encouraged for a moment.
The orc priest calls down the wrath of Beogh upon you.
Beogh smites you!
* * * LOW HITPOINT WARNING * * *
The orc closely misses you.
There is a stone staircase leading up here.
The orc misses you.
The orc priest calls down the wrath of Beogh upon you.
Beogh smites you!
Ouch! That really hurt!
You die...

##.....†.......#..
#...#.........#..
###.##.........#..
#..............#..
#..............#..
#......##...#.....
#......##...#.....
#.o..).##.........
#@o...............
###...............
#...............
#...............
#...o......#####
#..........# #..
#..........# #..
#..........###..
#.######.....#..


You could see an orc priest and 2 orcs.

Vanquished Creatures
  An adder (D:2)
  2 dart slugs (D:2)
  An orc (D:3)
  An endoplasm (D:1)
  2 giant cockroaches
  4 goblins
  2 hobgoblins
  2 jackals (D:1)
  5 kobolds
  2 quokkas
  3 ball pythons (D:2)
  4 bats
  3 frilled lizards
  3 rats
35 creatures vanquished.

Notes
Turn   | Place    | Note
-------+----------+-------------------------------------------
     0 | D:1      | issech the Minotaur Monk began the quest for the Orb.
     0 | D:1      | Reached XP level 1. HP: 19/19 MP: 0/0
    86 | D:1      | Found a faded altar of an unknown god.
   315 | D:1      | Reached XP level 2. HP: 11/27 MP: 1/1
  1596 | D:2      | Reached XP level 3. HP: 26/33 MP: 2/2
  1931 | D:2      | Found an ancient bone altar of Kikubaaqudgha.
  2551 | D:3      | Noticed Sigmund
  2566 | D:3      | Killed from afar by an orc priest

Illustrated notes

Levels and vault maps discovered:
D:1:      lightli_arrival_isolated_outpost, layout_loops_ring,
          chequers_ecumenical_altar_grove
D:2:      layout_loops_corners, basic_altar
D:3:      minmay_wonky_spiral, layout_basic, nicolae_qazlal_style_of_elements,
          uniq_sigmund, uniq_crazy_yiuf_cottage

Skill      XL: |  1  2  3 |
---------------+----------+-----
Axes           | 4 |  4.4
Dodging        | 4 |  4.1
Fighting       | 4 |  4.0
Armour         | |  0.4
Stealth        | |  1.5

Action                   || total
-------------------------++-------
Melee: Hand axe          ||    47
       Headbutt          ||    12
       Whip              ||    29
 Stab: Sleeping          ||     3
Armor: Robe              ||    10
       Leather armour    ||    12
Dodge: Dodged            ||    53
